 Dungeon Crawl Stone Soup version 0.25.1-2-g60ff931df9 (webtiles) character file.

Game seed: 2663433961040269535

262 soggyman666 the Shield-Bearer (level 5, -6/49 HPs)
             Began as a Deep Dwarf Fighter on Nov 3, 2020.
             Killed by nerve-wracking pain
             ... invoked by Grinder
              (12 damage)
             ... on level 3 of the Dungeon on Nov 4, 2020.
             The game lasted 00:12:26 (2228 turns).

soggyman666 the Shield-Bearer (Deep Dwarf Fighter)  Turns: 2228, Time: 00:12:27

Health: -6/49      AC:  8    Str: 20    XL:     5   Next: 97%
Magic:  4/4        EV:  8    Int:  9    God:
Gold:   137        SH: 11    Dex: 12    Spells: 4/4 levels left

rFire    + . .     SeeInvis .   a - +1 war axe
rCold    . . .     Gourm    .   c - +1 kite shield
rNeg     . . .     Faith    .   b - +0 scale mail
rPois    .         Spirit   .   (no helmet)
rElec    .         Reflect  .   (no cloak)
rCorr    .         Harm     .   q - +0 pair of gloves
MR       .....                  (no boots)
Stlth    +.........             (no amulet)
HPRegen  0.00/turn              e - ring of protection from fire
MPRegen  0.09/turn              l - ring of stealth

@: mighty, non-regenerating
A: damage resistance, heal wounds, sense surroundings 1, no regeneration
a: Heal Wounds


You were on level 3 of the Dungeon.
You were not hungry.

You visited 1 branch of the dungeon, and saw 3 of its levels.

You collected 137 gold pieces.

Inventory:

Hand Weapons
 a - a +1 war axe (weapon)
 p - a +2 short sword of venom
Armour
 b - a +0 scale mail (worn)
 c - a +1 kite shield (worn)
 q - a +0 pair of gloves (worn)
Jewellery
 e - a ring of protection from fire (left hand)
 l - a ring of stealth (right hand)
 r - an uncursed ring of positive energy {unknown}
Scrolls
 i - a scroll of fog {unknown}
 k - a scroll of fear
 m - a scroll of enchant armour
 o - a scroll of amnesia
Potions
 d - a potion of might
 h - 3 potions of mutation
 j - a potion of curing
 n - a potion of stabbing {unknown}
Comestibles
 f - 10 rations
 g - 9 chunks of flesh


   Skills:
 + Level 3.3 Fighting
 + Level 4.3 Axes
 + Level 4.4 Armour
 + Level 1.2 Dodging
 + Level 1.1 Stealth
 + Level 4.6 Shields


You had 4 spell levels left.
You didn't know any spells.
Your spell library was empty.

Dungeon Overview and Level Annotations

Branches:
Dungeon (3/15)

Altars:

Annotations:
D:3 Grinder


Innate Abilities, Weirdness & Mutations

You are resistant to damage.
You can heal yourself by infusing magical energy.
You passively map a small area around you.
You do not regenerate.


Message History

The kobold hits you but does no damage. Grinder gestures at you.
Pain shoots through your body!
* * * LOW HITPOINT WARNING * * *
You can move again.
You closely miss Grinder.
Grinder is heavily wounded.
You closely miss the kobold. The kobold hits you but does no damage.
Grinder barely misses you. You block the kobold's attack.
You hit Grinder.
Grinder is severely wounded.
You barely miss the kobold. Grinder hits you!
* * * LOW HITPOINT WARNING * * *
The kobold hits you but does no damage.
You hit Grinder.
Grinder is severely wounded.
You barely miss the kobold. Grinder gestures at you.
Pain shoots through your body!
You die...

>
................
*
#######.########
* #.....# #.#####
####+#####)#
#........#.#
#..........#
#........###
#....5@K.#***
#...............
########........,
#........ ,
########. *


You could see Grinder and a kobold.

Vanquished Creatures
  2 orc wizards (D:3)
  Natasha (twice) (D:2)
  Terence (D:2)
  A gnoll (D:1)
  4 adders
  A worm (D:2)
  2 dart slugs (D:1)
  A leopard gecko (D:2)
  4 orcs (D:3)
  3 giant cockroaches
  6 goblins
  12 hobgoblins
  4 jackals (D:1)
  3 quokkas
  2 ball pythons (D:3)
  4 bats (D:2)
  2 frilled lizards (D:3)
  14 kobolds
  5 rats
73 creatures vanquished.

Notes
Turn   | Place    | Note
-------+----------+-------------------------------------------
     0 | D:1      | soggyman666 the Deep Dwarf Fighter began the quest for the
                  | Orb.
     0 | D:1      | Reached XP level 1. HP: 20/20 MP: 1/1
    64 | D:1      | Reached XP level 2. HP: 18/27 MP: 2/2
   161 | D:1      | Reached XP level 3. HP: 13/33 MP: 3/3
   502 | D:2      | Noticed Terence
   510 | D:2      | Killed Terence
   510 | D:2      | Reached XP level 4. HP: 19/42 MP: 3/3
  1043 | D:2      | Noticed Natasha
  1051 | D:2      | Killed Natasha
  1377 | D:2      | Noticed Natasha
  1385 | D:2      | Killed Natasha
  1385 | D:2      | Reached skill level 1 in Dodging
  1385 | D:2      | Reached XP level 5. HP: 23/49 MP: 4/4
  1622 | D:3      | Reached skill level 1 in Stealth
  2210 | D:3      | Noticed Grinder
  2214 | D:3      | Paralysed by Grinder for 6 turns
  2224 | D:3      | Paralysed by Grinder for 2 turns
  2228 | D:3      | Killed from afar by Grinder

Illustrated notes

Levels and vault maps discovered:
D:1:      psy_arrival_fountain, layout_rooms, minmay_heptomino_o4
D:2:      minmay_inner_zag, layout_basic, kennysheep_generic_room_12,
          uniq_natasha, uniq_terence
D:3:      layout_basic, gammafunk_ghost_split, first_ration,
          kennysheep_generic_room_13, uniq_grinder

Skill      XL: |  1  2  3  4  5 |
---------------+----------------+-----
Fighting       | 3 |  3.3
Axes           | 3 4 |  4.3
Armour         | 4 |  4.4
Shields        | 4 |  4.6
Dodging        | 1 |  1.2
Stealth        | 1 |  1.1

Action                   |  1- 3 |  4- 6 || total
-------------------------+-------+-------++-------
Melee: War axe           |    87 |   160 ||   247
 Abil: Heal Wounds       |     1 |     2 ||     3
  Use: Scroll            |     6 |     1 ||     7
       Potion            |       |     1 ||     1
 Stab: Sleeping          |       |     1 ||     1
  Eat: Chunk             |       |     5 ||     5
Armor: Scale mail        |    47 |    69 ||   116
Dodge: Dodged            |    26 |    49 ||    75
Block: Kite shield       |    57 |   108 ||   165
